 Dungeon Crawl Stone Soup version 0.28.0-43-g3370ac3207 (console) character file.

Game seed: 2461271537462531442

46 Zeor the Shooter (level 3, 0/30 HPs)
             Began as a Minotaur Hunter on Mar 16, 2022.
             Shot with a stone by a goblin (4 damage)
             ... led by Robin
             ... on level 2 of the Dungeon.
             The game lasted 00:02:39 (1021 turns).

Zeor the Shooter (Minotaur Hunter)                  Turns: 1021, Time: 00:02:40

Health: 0/30       AC:  3    Str: 18    XL:     3   Next: 44%
Magic:  2/2        EV: 11    Int:  8    God:
Gold:   69         SH:  0    Dex: 10    Spells: 2/2 levels left

rFire   . . .      SeeInvis .   b - +0 short sword
rCold   . . .      Faith    .   (no shield)
rNeg    . . .      Spirit   .   c - +0 leather armour
rPois   .          Reflect  .   (helmet restricted)
rElec   .          Harm     .   (no cloak)
rCorr   .          Rampage  .   (no gloves)
Will    .....                   (no boots)
Stlth   +.........              (no amulet)
HPRegen 0.10/turn               (no ring)
MPRegen 0.08/turn               (no ring)

@: no status effects
A: horns 2, retaliatory headbutt
a: no special abilities


You were on level 2 of the Dungeon.
You visited 1 branch of the dungeon, and saw 2 of its levels.

You collected 69 gold pieces.

Inventory:

Hand Weapons
 a - a +1 shortbow
 b - a +0 short sword (weapon)
Missiles
 d - 10 arrows
 e - 3 poisoned darts
Armour
 c - a +0 leather armour (worn)


   Skills:
 + Level 2.5 Fighting
 + Level 5.4 Bows
 + Level 1.5 Armour
 + Level 2.2 Dodging
 + Level 0.7 Stealth


You had 2 spell levels left.
You didn't know any spells.
Your spell library contained the following spells:

 Spells                   Type           Power      Damage    Failure   Level
 Gell's Gravitas          Tloc           0%         N/A       83%         3
 Lesser Beckoning         Tloc           0%         N/A       83%         3
 Teleport Other           Tloc           0%         N/A       83%         3


Dungeon Overview and Level Annotations

Branches:
Dungeon (2/15)

Altars:

Shops:
D:1 (


Innate Abilities, Weirdness & Mutations

You have a pair of horns on your head.
You reflexively headbutt those who attack you in melee.


Message History

The hobgoblin hits you.
You hit the hobgoblin but do no damage.
The hobgoblin is severely wounded.
The goblin no longer looks unusually strong.
The hobgoblin hits you.
* * * LOW HITPOINT WARNING * * *
You barely miss the hobgoblin.
The hobgoblin is severely wounded.
The hobgoblin hits you.
* * * LOW HITPOINT WARNING * * *
You barely miss the hobgoblin.
The hobgoblin is severely wounded.
The hobgoblin misses you. You furiously retaliate!
You headbutt the hobgoblin!
You kill the hobgoblin!
The goblin unwields a +0 dagger of pain.
The goblin wields a +0 hunting sling.
The goblin shoots a stone.
The stone hits you but does no damage.
You hit the goblin.
The goblin is heavily wounded.
The goblin hits you with a +0 club.
* * * LOW HITPOINT WARNING * * *
You aren't carrying any potions.
You closely miss the goblin.
The goblin is heavily wounded.
The goblin closely misses you. You furiously retaliate!
You headbutt the goblin.
You kill the goblin!
The goblin shoots a stone.
The stone misses you.
You closely miss the hobgoblin.
The hobgoblin hits you but does no damage.
You barely miss the hobgoblin. Your headbutt misses the hobgoblin.
The hobgoblin hits you.
* * * LOW HITPOINT WARNING * * *
The hobgoblin barely misses you.
You hit the hobgoblin but do no damage. You headbutt the hobgoblin.
You kill the hobgoblin!
The goblin shoots a stone.
The stone closely misses you.
The goblin unwields a +0 dagger.
The goblin wields a +0 hunting sling.
The goblin shoots a stone.
The stone hits you.
You die...

▒∙▒▒▒▒▒▒
▒∙▒
▒∙∙∙∙∙∙▒
▒∙∙
▒∙∙▒▒▒∙▒
▒▒▒ ▒∙∙▒
▒∙▒
▒▒∙▒▒▒∙▒
▒∙∙∙∙∙▒
▒)▒▒▒▒▒
▒∙▒ ▒H▒
▒)▒
▒gg∙∙∙∙∙∙
▒)∙▒▒▒▒∙▒
▒(∙▒ ▒(?▒


∙∙∙∙ ▒▒∙▒ ∙▒ You could see 2 goblins.

Vanquished Creatures
  Robin (D:2)
  A dart slug (D:1)
  2 bats
  3 endoplasms (D:1)
  5 hobgoblins
  4 jackals (D:1)
  A ball python (D:1)
  4 frilled lizards
  6 goblins (D:2)
  2 kobolds (D:1)
  3 rats (D:1)
32 creatures vanquished.

Vanquished Creatures (others)
  8 plants (D:1)
8 creatures vanquished.

Grand Total: 40 creatures vanquished

Notes
Turn   | Place    | Note
-------+----------+-------------------------------------------
     0 | D:1      | Zeor the Minotaur Hunter began the quest for the Orb.
     0 | D:1      | Reached XP level 1. HP: 18/18 MP: 0/0
   202 | D:1      | Reached XP level 2. HP: 25/25 MP: 1/1
   206 | D:1      | Reached skill level 5 in Bows
   707 | D:1      | Found Azugux's Weapon Emporium.
   884 | D:1      | Found a faded altar of an unknown god.
   993 | D:2      | Noticed Robin
   998 | D:2      | Reached XP level 3. HP: 30/30 MP: 2/2
  1006 | D:2      | Killed Robin
  1007 | D:2      | Reached skill level 1 in Armour
  1021 | D:2      | Shot with a stone by a goblin

Illustrated notes

Levels and vault maps discovered:
D:1:      nzn_arrival_settlement, layout_rooms,
          dilly_ecumenical_altar_fadedgnrine, serial_shops, shop
D:2:      layout_loops_cross, basic_altar, amcnicky_mini_pool_small, uniq_robin,
          uniq_terence, uniq_sigmund

Skill      XL: |  1  2  3 |
---------------+----------+-----
Bows           | 5 |  5.4
Armour         | 1 |  1.5
Fighting       | |  2.5
Dodging        | |  2.2
Stealth        | |  0.7

Action                   || total
-------------------------++-------
Melee: Short sword       ||    38
       Headbutt          ||     4
 Fire: Shortbow          ||    29
  Use: Scroll            ||     2
Armor: Leather armour    ||    18
Dodge: Dodged            ||    35
